Map: Invader LE

Players

Axolotl - Winner!

  • Race: Zerg Zerg
  • League: Gold

capac

  • Race: Terran Terran
  • League: Gold

VOD

Have the link to the VOD?

Description

Time

  • Played on: May 2, 2016, 12:59 p.m.
  • Length: 14:49
Show
View Real Time Build Order
Export as new Build Order

Axolotl Zerg - Winner!

Build Orders: Hatch First 

Get SALT Encoding   

  12  0:01  Drone  
  13  0:13  Overlord  
  13  0:18  Drone  
  14  0:33  Drone x2  
  16  0:38  Drone  
  17  0:51  Drone  
  18  0:59  Hatchery  
  17  1:04  Drone  
  17  1:09  Drone  
  17  1:11  Extractor  
  18  1:22  Spawning Pool  
  18  1:24  Drone  
  18  1:53  Drone x2  
  20  1:55  Drone  
  21  2:07  Drone  
  22  2:09  Hatchery  
  22  2:11  Queen  
  23  2:18  Queen  
  25  2:26  Drone x2  
  25  2:28  Drone  
  28  2:33  Overlord  
  28  2:40  Metabolic Boost  
  28  2:59  Baneling Nest  
  28  3:03  Drone x3  
  28  3:05  Extractor  
  29  3:07  Drone x3  
  32  3:20  Evolution Chamber, Overlord  
  32  3:21  Overlord x2  
  31  3:28  Pneumatized Carapace  
  31  3:35  Zergling x4  
  31  3:36  Zergling x2  
  31  3:38  Zergling x2  
  35  3:54  Zergling x8  
  39  4:10  Baneling  
  39  4:11  Baneling x6  
  39  4:18  Baneling x4  
  39  4:33  Extractor  
  38  4:49  Drone x3  
  38  4:50  Drone  
  38  4:51  Drone x7  
  38  4:52  Drone x2  
  51  4:59  Baneling x4  
  51  5:05  Queen  
  53  5:08  Overlord x3  
  53  5:28  Lair  
  53  5:31  Zerg Melee Weapons Level 1  
  53  5:33  Drone  
  53  5:34  Drone x9  
  63  5:38  Overlord  
  56  6:04  Zergling x2  
  56  6:05  Zergling x18  
  66  6:12  Spore Crawler  
  66  6:15  Spore Crawler  
  64  6:19  Spore Crawler  
  64  6:20  Zergling x10  
  68  6:28  Extractor  
  68  6:29  Drone x3  
  68  6:30  Extractor  
  69  6:43  Evolution Chamber, Baneling x4  
  69  6:44  Baneling  
  69  6:45  Centrifical Hooks  
  68  6:48  Baneling x2  
  68  6:56  Spire  
  68  6:59  Infestation Pit  
  66  7:03  Spore Crawler  
  65  7:10  Spore Crawler  
  65  7:15  Spore Crawler  
  63  7:16  Extractor  
  63  7:19  Drone x2, Spore Crawler  
  63  7:20  Drone, Spore Crawler  
  63  7:21  Drone x5  
  68  7:31  Drone x4  
  68  7:32  Drone x4  
  76  7:42  Zerg Melee Weapons Level 2  
  76  7:47  Zerg Ground Armor Level 1  
  76  7:55  Drone x3  
  76  7:56  Drone x8  
  87  8:15  Hatchery  
  87  8:16  Extractor  
  87  8:17  Pathogen Glands, Extractor  
  85  8:20  Drone x6  
  85  8:22  Overlord x3  
  85  8:23  Overlord  
  90  8:50  Hive  
  90  8:52  Drone x3  
  90  8:53  Drone x3  
  96  9:32  Spore Crawler  
  96  9:35  Spore Crawler  
  86  9:49  Baneling x2  
  86  9:52  Corruptor x3  
  86  9:53  Corruptor x3  
  86  9:55  Corruptor x4  
  86  9:56  Corruptor x5  
  116  10:02  Greater Spire  
  116  10:04  Zerg Melee Weapons Level 3  
  116  10:07  Zerg Ground Armor Level 2  
  116  10:15  Queen  
  118  10:38  Baneling x2, Spore Crawler  
  118  10:39  Baneling x5  
  117  10:43  Infestation Pit  
  117  10:48  Overlord  
  117  10:49  Overlord x5  
  116  10:50  Overlord x3  
  114  11:17  Zergling x2  
  114  11:18  Zergling x20  
  119  11:28  Ultralisk Cavern  
  118  11:40  Baneling x7  
  118  11:41  Baneling x11  
  118  11:57  Zergling x2  
  118  11:58  Zergling x28  
  133  12:26  Brood Lord x5  
  143  12:31  Brood Lord x4  
  143  12:32  Brood Lord  
  153  12:37  Overlord, Corruptor  
  153  12:38  Corruptor  
  153  12:39  Corruptor x2  
  161  12:45  Hatchery  
  161  12:47  Extractor  
  161  12:48  Extractor  
  158  12:54  Overseer  
  158  13:10  Corruptor  
  158  13:11  Corruptor x2  
  158  13:12  Corruptor  
  166  13:14  Zergling x16  
  166  13:15  Zergling x2  
  158  13:33  Zergling x2  
  158  13:34  Zergling x14  
  144  13:52  Baneling  
  144  13:53  Baneling x5  
  142  13:58  Baneling x4  
  142  13:59  Baneling x12  
Show
View Real Time Build Order
Export as new Build Order

capac Terran 

Build Orders: MMM Bio 

Get SALT Encoding   

  12  0:01  SCV  
  13  0:13  SCV  
  14  0:18  Supply Depot  
  14  0:25  SCV  
  15  0:40  SCV  
  15  0:42  Barracks  
  16  0:50  Refinery  
  16  0:52  SCV  
  17  1:04  SCV  
  18  1:16  SCV  
  19  1:30  Orbital Command  
  20  1:32  Reaper  
  20  1:41  Command Center  
  20  1:48  Supply Depot  
  20  2:03  SCV  
  20  2:06  Marine  
  22  2:14  Factory  
  22  2:15  Refinery, SCV  
  23  2:24  Barracks  
  23  2:31  SCV  
  24  2:40  Barracks Reactor  
  24  2:43  SCV  
  25  2:54  Orbital Command  
  25  2:56  SCV  
  26  3:00  Factory Tech Lab  
  26  3:01  Starport  
  26  3:08  SCV  
  27  3:13  Barracks Tech Lab  
  27  3:18  Marine x2  
  29  3:20  SCV  
  29  3:26  Siege Tank  
  33  3:32  SCV  
  33  3:33  SCV  
  35  3:39  Starport Reactor  
  35  3:40  Supply Depot  
  35  3:48  SCV x2  
  37  3:50  Marine  
  37  3:51  Marine x2  
  40  4:05  Siege Tank  
  42  4:11  SCV x2  
  42  4:12  Bunker x2  
  44  4:18  Medivac  
  44  4:22  Supply Depot  
  44  4:23  SCV x2  
  48  4:26  Marine x3  
  51  4:32  Refinery  
  51  4:35  Stimpack  
  51  4:38  SCV x2  
  53  4:45  Marine x3  
  54  4:48  Supply Depot  
  54  4:50  SCV x2  
  58  4:54  Liberator  
  58  4:59  Supply Depot  
  58  5:02  SCV x2  
  58  5:03  Marine x2  
  62  5:10  Marine  
  62  5:11  Supply Depot  
  66  5:19  SCV x2  
  66  5:20  Refinery  
  68  5:25  Supply Depot  
  68  5:26  Marine  
  68  5:27  Marine x2  
  71  5:37  Barracks  
  71  5:38  SCV x2  
  71  5:39  Barracks  
  71  5:40  Barracks  
  71  5:42  Supply Depot  
  73  5:43  Siege Tank  
  73  5:46  Medivac  
  78  5:52  SCV x2  
  67  6:12  SCV x2  
  67  6:17  Engineering Bay, Liberator  
  69  6:21  Marine x3  
  69  6:24  SCV  
  69  6:25  SCV  
  74  6:39  Marine  
  78  6:40  SCV x2  
  80  6:49  Missile Turret  
  80  6:57  Missile Turret  
  80  6:59  Missile Turret  
  80  7:00  Marine x3  
  80  7:01  Liberator  
  83  7:03  Barracks Reactor x2  
  83  7:05  Barracks Tech Lab  
  83  7:08  SCV x2  
  85  7:17  Siege Tank  
  91  7:35  Missile Turret  
  91  7:38  Missile Turret  
  91  7:42  SCV  
  91  7:43  SCV  
  93  7:44  Missile Turret  
  93  8:03  Medivac x2  
  97  8:07  Supply Depot  
  97  8:33  Medivac x2  
  101  8:50  Marine x6  
  101  8:53  Marauder  
  101  8:55  Supply Depot  
  109  8:59  Marauder  
  109  9:01  Terran Infantry Weapons Level 1  
  111  9:12  Medivac x2  
  111  9:14  Command Center  
  115  9:26  Marine x5  
  115  9:27  Marauder, Marine x2  
  97  9:44  Marine x6  
  97  9:45  Marauder  
  98  9:49  Marauder  
  100  10:01  Marine  
  100  10:02  Marine x5  
  100  10:07  Supply Depot, Marauder  
  108  10:10  Marauder  
  108  10:12  Combat Shields  
  110  10:14  Concussive Shells  
  110  10:16  Liberator  
  110  10:19  Marine  
  111  10:22  Marine x3  
  111  10:23  Marine x2  
  111  10:28  Marauder  
  118  10:30  Siege Tank  
  118  10:32  Marauder  
  126  10:44  Marine x3  
  126  10:45  Marine  
  119  11:16  Liberator x2  
  101  11:19  Marine  
  101  11:20  Marine x6  
  101  11:21  Marauder  
  110  11:37  Marine  
  110  11:38  Marauder, Marine x5  
  124  11:42  Marauder  
  124  11:43  Starport  
  126  11:47  Starport  
  126  11:55  Marine x2  
  126  12:00  Marauder  
  130  12:10  Missile Turret  
  130  12:11  Missile Turret  
  130  12:38  Liberator  
  130  12:40  Marine  
  130  12:41  Marine x5  
  136  12:44  Marauder  
  136  12:45  Marauder  
  140  12:58  Marine x4  
  143  12:59  Marine x2  
  149  13:06  Marauder x2  
  153  13:16  Marine x2  
  133  13:34  Marine  
  133  13:35  Marine x7  
  136  13:52  Marine  
  136  13:53  Marine x2  
  120  14:16  Marine x2  
  93  14:23  Marine x5  
  88  14:34  Starport Reactor  
Tags
 
Composition
MMM Bio
League
GoldGold
Matchup
TvZ
Add a new tag
Caveats
  • Supply blocks, unpowered buildings, or Contaminate may cause inaccurate times.
  • Supply counts are checked every 10 seconds.